 Dungeon Crawl Stone Soup version 0.31-a0-145-g046c7d2549 (webtiles) character file.

Game seed: 656515281839597495

224 senseless the Chopper (level 6, 0/62 HPs)
             Began as an Ogre Gladiator on June 6, 2023.
             Slain by an iguana (13 damage)
             ... on level 4 of the Dungeon.
             The game lasted 00:05:24 (3527 turns).

senseless the Chopper (Ogre Gladiator)              Turns: 3527, Time: 00:05:25

Health: 0/62       AC: -5    Str: 19    XL:     6   Next: 0%
Magic:  6/6        EV: 10    Int: 11    God:
Gold:   49         SH:  5    Dex: 12    Spells: 5/5 levels left

rFire   . . .        k - +2 whip "Holoceul" {venom, Fragile rN+ Int+2}
rCold   . . .        (no shield)
rNeg    + . .        b - +0 robe
rPois   .            c - +0 hat
rElec   .            (no cloak)
rCorr   .            (gloves unavailable)
SInv    .            (boots unavailable)
Will    .....        m - amulet of reflection
Stlth   +            (no ring)
HPRegen 0.30/turn    (no ring)
MPRegen 0.10/turn

%: reflection
@: corroded
A: large, unfitting armour, tough skin 1
a: no special abilities


You were on level 4 of the Dungeon.
You visited 1 branch of the dungeon, and saw 4 of its levels.

You collected 165 gold pieces.
You spent 116 gold pieces at shops.

Inventory:

Hand Weapons
 a - a +0 war axe
 i - a +2 whip of electrocution
 k - the +2 whip "Holoceul" (weapon) {venom, Fragile rN+ Int+2}
   (You found it on level 2 of the Dungeon)

   Int:       It affects your intelligence (+2).
   rN:        It protects you from negative energy.
   Fragile:   It will be destroyed if unequipped.
Missiles
 d - 3 throwing nets (quivered)
 e - a large rock
Armour
 b - a +0 robe (worn)
 c - a +0 hat (worn)
Jewellery
 m - an amulet of reflection (around neck)
Wands
 s - a wand of light (10)
Scrolls
 f - 2 scrolls of teleportation {unknown}
 h - 2 scrolls of fog {unknown}
 j - a scroll of fear {unknown}
 l - a scroll of magic mapping {unknown}
 n - a scroll of poison {unknown}
Potions
 g - 4 potions of heal wounds {unknown}
 o - a potion of brilliance
 p - a potion of attraction
 q - a potion of might
 r - a potion of berserk rage
 t - a potion of resistance {unknown}
 u - 3 potions of curing {unknown}


   Skills:
 + Level 4.0 Fighting
 * Level 4.4 Axes
 + Level 3.0 Throwing
 + Level 3.3 Dodging
 + Level 1.9 Shields


You had 5 spell levels left.
You didn't know any spells.
Your spell library was empty.

Dungeon Overview and Level Annotations

Branches:
Dungeon (4/15)
 Temple: D:4-7

Altars:

Shops:
D:3 !?=


Innate Abilities, Weirdness & Mutations

You are too large for most types of armour.
You have tough skin. (AC +1)


Message History

The iguana hisses angrily.
The jelly hits you but does no damage.
You hit the jelly.
The jelly is poisoned.
The acid corrodes you!
Your hands burn!
The jelly is lightly wounded.
You block the jelly's attack.
You hit the jelly.
The jelly looks as sick as possible!
Your hands burn!
The jelly is moderately wounded.
The jelly closely misses you. The iguana bites you!
You hit the jelly. The acid corrodes you!
Your hands burn!
The jelly is severely wounded.
The jelly hits you.
You are splashed with acid.
You block the iguana's attack.
You are too injured to fight recklessly!
You are too injured to fight recklessly!
You are too injured to fight recklessly!
You are too injured to fight recklessly!
You are too injured to fight recklessly!
You are too injured to fight recklessly!
You are too injured to fight recklessly!
You are too injured to fight recklessly!
You are too injured to fight recklessly!
You are too injured to fight recklessly!
The iguana barely misses you.
You kill the jelly!
Your Fighting skill increases to level 4!
Your Throwing skill increases to level 3!
You have reached level 6!
You feel stronger.
Things that are here:
a +1 mace of protection; a ball python corpse You hit the iguana but do no damage.
The iguana is poisoned.
You punch the iguana, but do no damage. The iguana bites you.
You hit the iguana but do no damage.
The iguana looks as sick as possible!
The iguana is lightly wounded.
The iguana bites you!
* * * LOW HITPOINT WARNING * * *
You closely miss the iguana.
The iguana is heavily wounded.
The iguana bites you!
You die...

....####.# .#
.........# ##
###.####.# ##.
###.####.# ##..
......†..######
##...
..............#
#....
.##.###..####.#
#...# # #)..#
#.# #.... #..##
#@# ##... #..#
###l### ##..
#..# #.....#
##. #..#
#.....# ##
#.............
####..>..#.##
#.....#..#
....... ...
.#..≈≈≈≈≈ ≈.


You could see an iguana (extremely poisoned).

Vanquished Creatures
  A jelly (D:4)
  An orc priest (D:4)
  An orc wizard (D:4)
  4 adders (D:2)
  3 dart slugs
  12 orcs
  8 ball pythons
  2 endoplasms (D:1)
  4 giant cockroaches
  8 goblins
  6 hobgoblins
  2 jackals (D:1)
  7 kobolds
  5 quokkas
  5 bats
  2 frilled lizards (D:1)
  9 rats
80 creatures vanquished.

Notes
Turn   | Place    | Note
-------+----------+-------------------------------------------
     0 | D:1      | senseless the Ogre Gladiator began the quest for the Orb.
     0 | D:1      | Reached XP level 1. HP: 22/22 MP: 1/1
   203 | D:1      | Reached XP level 2. HP: 27/29 MP: 2/2
   586 | D:1      | Reached XP level 3. HP: 34/37 MP: 3/3
   831 | D:1      | You fall into a shaft and drop 1 floor!
   873 | D:2      | Reached skill level 1 in Shields
   960 | D:2      | Reached XP level 4. HP: 44/45 MP: 4/4
  1732 | D:2      | Identified the +2 whip "Holoceul" {venom, Fragile rN+
                  | Int+2}
  2217 | D:3      | Found Kuunis's Distillery.
  2224 | D:3      | Bought a potion of degeneration for 12 gold pieces
  2224 | D:3      | Bought a potion of attraction for 36 gold pieces
  2224 | D:3      | Bought a potion of might for 48 gold pieces
  2490 | D:3      | Found Samuros's Jewellery Shop.
  2568 | D:3      | Found Bufax's Magic Scroll Shoppe.
  2855 | D:3      | Bought a scroll of identify for 20 gold pieces
  3211 | D:4      | Reached XP level 5. HP: 53/53 MP: 5/5
  3525 | D:4      | Reached XP level 6. HP: 30/62 MP: 6/6
  3527 | D:4      | Slain by an iguana

Illustrated notes

Levels and vault maps discovered:
D:1:      elethiomel_arrival_infinity_welcomes_careful_drivers, layout_basic,
          kennysheep_nondescript, grunt_decor_junction
D:2:      layout_basic, nicolae_half_adder
D:3:      layout_basic, serial_shops, shop, nicolae_shop_hallway_stairs,
          nicolae_shop_stone, nicolae_elevator_lobby_plus
D:4:      layout_loops_ring, mainiacjoe_overflow_catwalk,
          gammafunk_temple_overflow_forgotten, nrook_uturn, corexii_shack

Skill      XL: |  1  2  3  4  5 |
---------------+----------------+-----
Fighting       | 3 4 |  4.0
Shields        | 1 |  1.9
Dodging        | 3 |  3.3
Axes           | 4 |  4.4
Throwing       | 3 |  3.0

Action                     |  1- 3 |  4- 6 || total
---------------------------+-------+-------++-------
  Melee: War axe           |    59 |       ||    59
         Whip              |    42 |   123 ||   165
         Punch             |       |     1 ||     1
    Use: Scroll            |       |     2 ||     2
   Stab: Sleeping          |     2 |     3 ||     5
 Armour: Robe              |    35 |    26 ||    61
  Dodge: Dodged            |    57 |    41 ||    98
  Block: Other             |       |     9 ||     9

Table legend: (Time is in decaauts)
 A = Elapsed time spent in this place.
 B = Non-inter-level travel time spent in this place.
 C = Inter-level travel time spent in this place.
 D = Time resting spent in this place.
 E = Time spent auto-exploring this place.
 F = Levels seen in this place.
 G = Mean time per level.
                   A        B        C        D        E       F      G
               +--------+--------+--------+--------+--------+-----+--------+
         Total |   3545 |   3438 |    107 |      0 |   2900 |   4 |  886.2 |
       Dungeon |   3545 |   3438 |    107 |      0 |   2900 |   4 |  886.2 |
               +--------+--------+--------+--------+--------+-----+--------+

Top non-repeatable levels by time:
     D:1: 1343 daAuts
     D:3: 998 daAuts
     D:2: 758 daAuts
     D:4: 445 daAuts
